 Dungeon Crawl Stone Soup version 0.31-a0-851-g7ff8af7976 (webtiles) character file.

Game seed: 14305692364009347014

657 Kurtz the Chopper (level 7, -1/52 HPs)
             Began as a Mummy Delver on Oct 6, 2023.
             Was an Initiate of Gozag.
             Slain by a gnoll sergeant
             ... wielding a +5 heavy spear
              (11 damage)
             ... on level 5 of the Dungeon.
             The game lasted 00:06:42 (5059 turns).

Kurtz the Chopper (Mummy Delver)                    Turns: 5059, Time: 00:06:43

Health: -1/52      AC: 10    Str: 17    XL:     7   Next: 29%
Magic:  0/7        EV:  8    Int:  9    God:    Gozag
Gold:   223        SH:  0    Dex: 17    Spells: 6/6 levels left

rFire   x . .        a - +0 hand axe
rCold   + . .        (no shield)
rNeg    + + +        l - +0 chain mail
rPois   ∞            t - +0 helmet
rElec   .            (no cloak)
rCorr   .            i - +0 pair of gloves {Dex+3}
SInv    .            (no boots)
Will    .....        h - amulet of guardian spirit Stlth
                     (no ring)
HPRegen 0.28/turn    (no ring)
MPRegen 0.10/turn

%: guardian spirit, faith
@: no status effects
A: cold resistance 1, negative energy resistance 3, torment resistance 2, heat
vulnerability 1, in touch with death 1, no potions, faith
a: Renounce Religion, Potion Petition, Call Merchant, Bribe Branch


You were on level 5 of the Dungeon.
You worshipped Gozag.
Gozag was aware of your devotion.
You visited 1 branch of the dungeon, and saw 5 of its levels.

You collected 303 gold pieces.
You paid 80 gold pieces to Gozag.

Inventory:

Hand Weapons
 a - a +0 hand axe (weapon)
Missiles
 n - 4 javelins (quivered)
 o - a poisoned dart
Armour
 i - a +0 pair of gloves of dexterity (worn)
 l - a +0 chain mail (worn)
 t - a +0 helmet (worn)
 u - a +1 pair of gloves
Jewellery
 h - an amulet of guardian spirit (around neck)
Wands
 b - a wand of polymorph (8)
 f - a wand of digging (3)
Scrolls
 c - 2 scrolls of fog
 d - a scroll of revelation
 e - 2 scrolls of fear
 g - 2 scrolls of silence {unknown}
 j - a scroll of vulnerability {unknown}
 k - a scroll of enchant armour {unknown}
 m - a scroll of blinking {unknown}
 p - 5 scrolls of identify {unknown}
 q - a scroll of brand weapon {unknown}
 r - a scroll of teleportation {unknown}
 s - 2 scrolls of immolation {unknown}
 v - a scroll of poison {unknown}


   Skills:
 * Level 3.3 Fighting
 * Level 6.5 Axes
 - Level 1.0 Armour
 - Level 1.8 Dodging
 - Level 4.1 Stealth


You had 6 spell levels left.
You didn't know any spells.
Your spell library was empty.

Dungeon Overview and Level Annotations

Branches:
Dungeon (5/15)
 Temple: D:4-7

Altars:
Gozag
Kikubaaqudgha
Makhleb
Ru
Vehumet

Annotations:
D:4 exclusion: downstairs


Innate Abilities, Weirdness & Mutations

You are immune to poison.
Your flesh is cold resistant. (rC+)
You are immune to negative energy. (rN+++)
You are immune to unholy pain and torment.
You are vulnerable to heat. (rF-)
You are in touch with the powers of death.
You do not drink.
You have a special connection with the divine. (Faith)


Message History

The gnoll shouts!
You hit the gnoll sergeant but do no damage.
The gnoll sergeant is moderately wounded.
The gnoll sergeant hits you with a +5 heavy spear!
You hit the gnoll sergeant.
The gnoll sergeant is heavily wounded.
You hit the gnoll sergeant but do no damage.
The gnoll sergeant is heavily wounded.
The gnoll sergeant hits you with a +5 heavy spear!
You completely miss the gnoll sergeant.
The gnoll sergeant is moderately wounded.
The gnoll sergeant hits you with a +5 heavy spear!
You hit the gnoll sergeant but do no damage.
The gnoll sergeant is moderately wounded.
You hit the gnoll sergeant but do no damage.
The gnoll sergeant is moderately wounded.
The gnoll sergeant hits you with a +5 heavy spear!
You hit the gnoll sergeant but do no damage.
The gnoll sergeant is moderately wounded.
The gnoll sergeant barely misses you. The gnoll sergeant blocks your attack.
The gnoll sergeant is moderately wounded.
You closely miss the gnoll sergeant.
The gnoll sergeant is moderately wounded.
The gnoll sergeant hits you with a +5 heavy spear.
A gnoll comes into view. It is wielding a +0 spear.
The gnoll sergeant blocks your attack.
The gnoll sergeant is moderately wounded.
The gnoll shouts!
The gnoll sergeant hits you with a +5 heavy spear!
* * * LOW HITPOINT WARNING * * *
You hit the gnoll sergeant.
The gnoll sergeant is heavily wounded.
Okay, then.
The gnoll sergeant hits you from afar with a +5 heavy spear.
* * * LOW HITPOINT WARNING * * *
The gnoll sergeant attacks as it pursues you!
The gnoll sergeant hits you from afar with a +5 heavy spear!
You die...
Your body crumbles into a pile of gold.

#...ggg....##.####
#.###########.####
#g# #....g #g#
###### #.# #.# #g#
###
#.##############..
#@##.>............
#.##.#######.#....
#.##.#######.#.###
#.#...##.P♣..#.#
#...#..#..♣♣.#.#
#..###.#.....#.#
#...#......P...#
###...##...#####
##.####..#


You could see a gnoll sergeant and 2 gnolls.

Vanquished Creatures
  Sigmund (D:4)
  An ogre (D:5)
  A howler monkey (D:5)
  A crimson imp (D:4)
  2 hounds (D:4)
  An orc priest (D:3)
  A jelly (D:5)
  An orc wizard (D:3)
  7 adders
  2 gnolls
  A white imp (D:5)
  An ufetubus (D:4)
  2 worms (D:2)
  A dart slug (D:4)
  13 orcs
  7 endoplasms
  7 giant cockroaches
  5 goblins
  5 hobgoblins
  3 jackals
  2 quokkas (D:5)
  10 ball pythons
  6 bats
  2 frilled lizards
  4 kobolds
  6 rats
93 creatures vanquished.

Notes
Turn   | Place    | Note
-------+----------+-------------------------------------------
     0 | D:5      | Kurtz the Mummy Delver began the quest for the Orb.
     0 | D:5      | Reached XP level 1. HP: 18/18 MP: 1/1
    40 | D:5      | Noticed an ice beast
    58 | D:4      | Found an ancient bone altar of Kikubaaqudgha.
   122 | D:3      | Noticed an orc wizard
   344 | D:1      | Reached skill level 2 in Axes
   660 | D:1      | Reached XP level 2. HP: 23/24 MP: 2/2
  1394 | D:2      | Reached XP level 3. HP: 25/29 MP: 1/3
  1420 | D:2      | Found a faded altar of an unknown god.
  1432 | D:2      | Reached skill level 3 in Axes
  1563 | D:2      | Identified the staff "Vad Fathem" {rF+ rN+ Fire}
  1904 | D:3      | Found a sacrificial altar of Ru.
  2002 | D:3      | Reached XP level 4. HP: 14/35 MP: 1/4
  2308 | D:3      | Reached skill level 4 in Axes
  2502 | D:3      | Reached XP level 5. HP: 25/41 MP: 3/5
  3089 | D:4      | Found an opulent altar of Gozag.
  3204 | D:4      | Reached skill level 5 in Axes
  3258 | D:4      | Became a worshipper of Gozag Ym Sagoz the Greedy
  3554 | D:4      | Noticed Sigmund
  3663 | D:5      | an ice beast changed into a killer bee
  3663 | D:5      | HP: 1/41 [killer bee (5)]
  3906 | D:4      | Killed Sigmund
  3907 | D:4      | Reached skill level 1 in Armour
  3907 | D:4      | Reached XP level 6. HP: 11/47 MP: 1/6
  4154 | D:4      | Found a radiant altar of Vehumet.
  4154 | D:4      | Found a burning altar of Makhleb.
  4621 | D:5      | Reached skill level 6 in Axes
  4621 | D:5      | Reached XP level 7. HP: 28/52 MP: 3/7
  5059 | D:5      | Slain by a gnoll sergeant

Illustrated notes

Levels and vault maps discovered:
D:1:      evilmike_arrival_crescent, layout_loops_corners,
          grunt_decor_mini_mirrors, item_on_display_b
D:2:      layout_rooms, nicolae_ecumenical_snake_handling
D:3:      layout_loops_cross, nicolae_ru_path_of_blood, serial_rivers,
          chequers_serial_rivers_room_b, chequers_serial_rivers_micro_e,
          chequers_serial_rivers_large_a, chequers_serial_rivers_micro_e,
          chequers_serial_rivers_small_b, chequers_serial_rivers_marsh,
          minmay_pentangle
D:4:      layout_basic, grunt_temple_overflow_lords_of_destruction,
          mainiacjoe_overflow_large_starburst, uniq_sigmund
D:5:      layout_loops_ring, serial_demonic, serial_demonic_c, serial_demonic_b,
          serial_demonic_g, serial_demonic_f, serial_demonic_b, minivault_5

Skill      XL: |  1  2  3  4  5  6 |
---------------+-------------------+-----
Axes           | 2 3 4 5 6 |  6.5
Armour         | 1 |  1.0
Fighting       | |  3.3
Dodging        | |  1.8
Stealth        | |  4.1

Action                     |  1- 3 |  4- 6 |  7- 9 || total
---------------------------+-------+-------+-------++-------
  Melee: Hand axe          |   143 |   238 |    50 ||   431
         Punch             |       |     3 |     1 ||     4
  Throw: Dart              |       |     6 |       ||     6
         Javelin           |       |     5 |     1 ||     6
  Evoke: Wand              |       |     4 |       ||     4
    Use: Scroll            |       |     1 |       ||     1
   Stab: Sleeping          |     1 |       |       ||     1
         Distracted        |       |     1 |       ||     1
 Armour: Chain mail        |   106 |   197 |    51 ||   354
         Leather armour    |     6 |       |       ||     6
  Dodge: Dodged            |    62 |    86 |    35 ||   183

Table legend: (Time is in decaauts)
 A = Elapsed time spent in this place.
 B = Non-inter-level travel time spent in this place.
 C = Inter-level travel time spent in this place.
 D = Time resting spent in this place.
 E = Time spent auto-exploring this place.
 F = Levels seen in this place.
 G = Mean time per level.
                   A        B        C        D        E       F      G
               +--------+--------+--------+--------+--------+-----+--------+
         Total |   5134 |   4620 |    514 |    826 |   2527 |   5 | 1026.8 |
       Dungeon |   5134 |   4620 |    514 |    826 |   2527 |   5 | 1026.8 |
               +--------+--------+--------+--------+--------+-----+--------+

Top non-repeatable levels by time:
     D:4: 1607 daAuts
     D:3: 1473 daAuts
     D:1: 1003 daAuts
     D:2: 529 daAuts
     D:5: 521 daAuts
